 Dungeon Crawl Stone Soup version 0.30.1-9-gdf580d7c3d (webtiles) character file.

Game seed: 5887081760592138173

212 monsoonserge the Slasher (level 5, -2/40 HPs)
             Began as a Demonspawn Warper on Oct 7, 2023.
             Slain by a mummy (10 damage)
             ... in an ossuary.
             The game lasted 00:09:51 (2609 turns).

monsoonserge the Slasher (Demonspawn Warper)        Turns: 2609, Time: 00:09:52

Health: -2/40      AC:  9    Str: 10 (11) XL:     5   Next: 58%
Magic:  6/8        EV: 12    Int: 15 (16) God:
Gold:   99         SH:  4    Dex: 11 (13) Spells: 6/8 levels left

rFire   + . .        y - +0 falchion (heavy)
rCold   . . .        (no shield)
rNeg    . . .        o - +0 ring mail
rPois   .            u - +0 helmet
rElec   .            q - +1 cloak
rCorr   .            (no gloves)
SInv    .            A - +0 pair of boots
Will    .....        (no amulet)
Stlth   +            j - ring of protection from fire
HPRegen 0.26/turn    (no ring)
MPRegen 0.11/turn

%: no passive effects
@: very slightly contaminated, hasted, invisible (expiring), very quick
A: sturdy frame 2, condensation shield
a: no special abilities


You were in an ossuary.
You visited 1 branch of the dungeon, and saw 4 of its levels.
You also visited: Ossuary.

You collected 99 gold pieces.

Inventory:

Hand Weapons
 v - a +0 rapier
 x - a +0 flail of protection
 y - a +0 heavy falchion (weapon)
Missiles
 d - 7 boomerangs of dispersal (quivered)
 w - a throwing net
Armour
 b - a +0 leather armour
 f - a +0 scale mail
 m - a +0 chain mail
 o - a +0 ring mail (worn)
 q - a +1 cloak (worn)
 u - a +0 helmet (worn)
 z - a +0 plate armour
 A - a +0 pair of boots (worn)
Jewellery
 j - a ring of protection from fire (left hand)
Scrolls
 c - a scroll of blinking
 e - a scroll of poison {unknown}
 h - 3 scrolls of teleportation {unknown}
 l - a scroll of silence {unknown}
 p - a scroll of identify {unknown}
 r - a scroll of brand weapon {unknown}
 s - a scroll of magic mapping {unknown}
Potions
 i - 2 potions of degeneration
 k - a potion of curing {unknown}
 n - 3 potions of haste
 t - a potion of attraction {unknown}


   Skills:
 + Level 2.8 Fighting
 + Level 0.4(2.1) Short Blades
 + Level 3.4(3.5) Long Blades
 + Level 1.0 Throwing
 * Level 2.5 Armour
 + Level 2.2 Dodging
 + Level 1.0 Shields
 - Level 2.0 Spellcasting
 - Level 3.0 Translocations


You had 6 spell levels left.
You knew the following spells:

 Your Spells              Type           Power      Damage    Failure   Level
a - Blink                 Tloc           20%        N/A       11%         2

Your spell library contained the following spells:

 Spells                   Type           Power      Damage    Failure   Level
 Lesser Beckoning         Tloc           20%        N/A       11%         2
 Teleport Other           Tloc           10%        N/A       22%         3
 Slow                     Hex            4%         N/A       26%         1
 Ensorcelled Hibernation  Hex/Ice        2%         N/A       36%         2
 Vhi's Electric Charge    Tloc/Air       12%        N/A       38%         3
 Confusing Touch          Hex            1%         N/A       58%         3
 Spider Form              Tmut/Pois      1%         N/A       58%         3
 Vampiric Draining        Necr           1%         2d6       58%         3
 Manifold Assault         Tloc           10%        N/A       58%         4
 Anguish                  Hex/Necr       0%         N/A       94%         4


Dungeon Overview and Level Annotations

Branches:
Dungeon (4/15)            Ossuary (1/1)
 Temple: D:4-7

Altars:
Cheibriados
Ru

Annotations:
D:4 Blork the orc


Innate Abilities, Weirdness & Mutations

Your movements are less encumbered by armour. (ER -4)
A meltable shield of frost defends you. (SH +4)


Message History

Nothing appears to happen.
The mummy hits you.
* * * LOW HITPOINT WARNING * * *
The mummy hits you but does no damage.
Casting: Blink (safe; 11% risk of failure)
Confirm with . or Enter, or press ? or * to list all spells.
You blink.
It was a potion of degeneration.
There was something very wrong with that liquid.
You feel weakened.
You feel dopey.
You feel clumsy. The mummy barely misses you.
It was a potion of haste.
You feel yourself speed up.
You barely miss the mummy. The mummy hits you.
* * * LOW HITPOINT WARNING * * *
Press: ? - help, v - describe, . - travel
Here: a mummy The floor.
There is a gate leading back out of this place here.
You feel stable enough to blink again.
It was a potion of invisibility.
You fade into invisibility!
You hit the mummy but do no damage. You barely miss the mummy.
The mummy closely misses you.
You barely miss the mummy. You slash the mummy!
You destroy the mummy!
You hit the mummy but do no damage. You slash the mummy!
The mummy is severely damaged.
The mummy misses you. The mummy closely misses you.
You barely miss the mummy.
The mummy is severely damaged.
You flicker for a moment.
You catch the helpless mummy completely off-guard!
You slash the mummy!
You destroy the mummy!
Your Shields skill increases to level 1!
You slash the mummy! You punch the mummy.
The mummy is severely damaged.
The mummy hits you!
You die...

####
######..#
#.@....##
+M∩.∩...#
#......##
######..#
####


You could see a mummy (unable to see you).

Vanquished Creatures
  A hound (D:4)
  2 mummies (Ossuary)
  3 gnolls (D:3)
  6 adders
  4 dart slugs
  An orc (D:3)
  5 ball pythons
  8 endoplasms
  5 giant cockroaches
  2 goblins
  6 hobgoblins
  2 jackals (D:3)
  5 kobolds
  2 quokkas
  4 bats
  2 frilled lizards
  A goblin zombie (D:4)
  4 rats
  A rat zombie (D:4)
64 creatures vanquished.

Notes
Turn   | Place    | Note
-------+----------+-------------------------------------------
     0 | D:1      | monsoonserge the Demonspawn Warper began the quest for the
                  | Orb.
     0 | D:1      | Reached XP level 1. HP: 16/16 MP: 3/3
   253 | D:1      | Gained mutation: A meltable shield of frost defends you.
                  | (SH +4) [demonic ancestry]
   253 | D:1      | Reached XP level 2. HP: 16/22 MP: 5/5
   383 | D:1      | Reached skill level 1 in Armour
   607 | D:2      | Reached skill level 1 in Throwing
   796 | D:2      | Gained mutation: Your movements are slightly less
                  | encumbered by armour. (ER -2) [demonic ancestry]
   796 | D:2      | Reached XP level 3. HP: 16/28 MP: 6/6
   814 | D:2      | Learned a level 2 spell: Blink
  1431 | D:2      | Found a snail-covered altar of Cheibriados.
  1594 | D:3      | Reached XP level 4. HP: 32/34 MP: 7/7
  2030 | D:3      | Gained mutation: Your movements are less encumbered by
                  | armour. (ER -4) [demonic ancestry]
  2030 | D:3      | Reached XP level 5. HP: 18/39 MP: 8/8
  2297 | D:3      | Found a sacrificial altar of Ru.
  2467 | D:4      | Noticed Blork the orc
  2493 | D:4      | Found a sand-covered staircase.
  2586 | Ossuary  | Entered an ossuary
  2609 | Ossuary  | Reached skill level 1 in Shields
  2609 | Ossuary  | Slain by a mummy

Illustrated notes

Levels and vault maps discovered:
D:1:      amcnicky_arrival_abandoned_market, layout_loops_ring,
          amcnicky_mini_rare_corridor_liquid
D:2:      layout_loops_ring, basic_altar, minmay_surrounded
D:3:      layout_rooms, nicolae_overflow_two_pavilions, minmay_quantized
D:4:      layout_cave_pools, gammafunk_temple_overflow_elements,
          minmay_temple_entry_poolview, enter_ossuary_4, uniq_blork_the_orc,
          uniq_crazy_yiuf_cottage
Ossuary:  ossuary_minmay_chase

Skill      XL: |  1  2  3  4  5 |
---------------+----------------+-----
Translocations | 3 |  3.0
Long Blades    | 2 3 |  3.4
Armour         | 1 2 |  2.5
Throwing       | 1 |  1.0
Dodging        | 2 |  2.2
Shields        | 1 |  1.0
Fighting       | |  2.8
Short Blades   | |  0.4
Spellcasting   | |  2.0

Action                     |  1- 3 |  4- 6 || total
---------------------------+-------+-------++-------
  Melee: Falchion          |   123 |    83 ||   206
         Punch             |     1 |     4 ||     5
         Rapier            |       |    21 ||    21
   Cast: Blink             |       |     2 ||     2
    Use: Potion            |       |     3 ||     3
   Stab: Invisible         |       |     1 ||     1
 Armour: Scale mail        |    49 |    19 ||    68
         Ring mail         |       |     8 ||     8
  Dodge: Dodged            |    67 |    60 ||   127
  Block: Other             |    17 |    25 ||    42
